 Dungeon Crawl Stone Soup version 0.31-a0-1612-g4aaf141004 (webtiles) character file.

Game seed: 11161009435112077229

259 Malachi the Ruffian (level 6, 0/42 HPs)
             Began as an Octopode Shapeshifter on Jan 9, 2024.
             Was a Believer of Trog.
             Slain by a jelly (3 damage)
             ... on level 4 of the Dungeon.
             The game lasted 00:02:27 (2483 turns).

Malachi the Ruffian (Octopode Shapeshifter)         Turns: 2483, Time: 00:02:27

Health: 0/42       AC: -3    Str: 16    XL:     6   Next: 17%
Magic:  6/6        EV: 13    Int: 12    God:    Trog [**....]
Gold:   201        SH:  0    Dex: 11    Spells: 5/5 levels left

rFire   . .          .
                       - Unarmed
rCold   . . .        (no shield)
rNeg    . . .        (helmet currently unavailable)
rPois   .            (no amulet)
rElec   .            (no ring)
rCorr   .            (no ring)
SInv    .            (no ring)
Will    .....        (no ring)
Stlth   ++           (no ring)
HPRegen 0.27/turn    (no ring)
MPRegen 0.10/turn    (no ring)
                     (no ring)

%: no passive effects
@: beast-form, corroded
A: beast (slay +2), almost no armour, amphibious, 8 rings, camouflage 1,
gelatinous body 1, (nimble swimmer 1), tentacles
a: Begin Untransformation, Renounce Religion, Berserk, Trog's Hand


You were on level 4 of the Dungeon.
You worshipped Trog.
Trog was pleased with you.
You were a hulking beast.
You visited 1 branch of the dungeon, and saw 4 of its levels.

You collected 201 gold pieces.

Inventory:

Talismans
 b - a beast talisman
 c - a flux talisman
Scrolls
 d - 3 scrolls of teleportation
 h - a scroll of noise
 i - 3 scrolls of identify
 k - 2 scrolls of fear
 o - a scroll of brand weapon {unknown}
 p - a scroll of immolation {unknown}
 q - a scroll of amnesia {unknown}
Potions
 a - 2 potions of lignification
 f - a potion of heal wounds {unknown}
 j - 2 potions of haste {unknown}
 l - 2 potions of curing {unknown}
 m - a potion of cancellation {unknown}
 n - a potion of brilliance {unknown}
 r - a potion of attraction {unknown}


   Skills:
 + Level 3.0 Fighting
 + Level 3.5 Dodging
 + Level 4.2 Unarmed Combat
 + Level 4.0 Shapeshifting


You had 5 spell levels left.
You didn't know any spells.
Your spell library contained the following spells:

 Spells                   Type           Power      Damage    Failure   Level
 Call Canine Familiar     Summ           0%         N/A       69%         3
 Sigil of Binding         Hex            0%         N/A       69%         3
 Dimensional Bullseye     Hex/Tloc       0%         N/A       97%         4


Dungeon Overview and Level Annotations

Branches:
Dungeon (4/15)
 Temple: D:4-7

Altars:
Gozag
Trog

Shops:
D:1 !


Innate Abilities, Weirdness & Mutations

You are a hulking beast.
Your limbs bulge with bestial killing power. (Slay +2)
You cannot wear most types of armour.
You are amphibious.
You can wear up to eight rings at the same time.
Your skin changes colour to match your surroundings (Stealth+).
Your rubbery body absorbs attacks. (AC +1, EV +1)
((You are camouflaged when in or above water. (Stealth+)))
You have tentacles for arms and can constrict up to eight enemies at once.


Message History

You constrict the gnoll. The gnoll closely misses you.
You tentacle-slap the gnoll.
You kill the gnoll!
Trog accepts your kill.
Your Shapeshifting skill increases to level 4!
A jelly comes into view.
The gnoll hits you from afar with a +0 spear.
You see here a +0 flail.
The gnoll barely misses you.
The jelly quivers.
You bludgeon the gnoll! You grab the gnoll.
The gnoll is heavily wounded.
You constrict the gnoll. The gnoll hits you with a +0 spear.
You tentacle-slap the gnoll.
The gnoll is almost dead.
You constrict the gnoll.
You kill the gnoll!
Trog accepts your kill.
Your Fighting skill increases to level 3!
You tentacle-slap the jelly.
Your tentacles burn!
The jelly is lightly wounded.
The jelly hits you but does no damage.
You are too injured to fight recklessly!
You are too injured to fight recklessly!
You are too injured to fight recklessly!
You are too injured to fight recklessly!
You tentacle-slap the jelly.
Your tentacles burn!
The jelly is heavily wounded.
The jelly closely misses you.
You tentacle-slap the jelly.
Your tentacles burn!
The jelly is severely wounded.
The jelly hits you.
* * * LOW HITPOINT WARNING * * *
The acid corrodes you!
You are splashed with acid.
* * * LOW HITPOINT WARNING * * *
You tentacle-slap the jelly.
Your tentacles burn!
* * * LOW HITPOINT WARNING * * *
The jelly is almost dead.
The jelly hits you.
You die...

...#.#.# .. ..#.#.##
#####.##### . #.#....#
##.......... .#
#..#...###..........
.####.#.#..#.......... .
.........#...#...##.##..
.................#.....#
..............).).......
................h.......
.....#...........J......
...............$........
..#.....................
#.###..#................
..####..................
.)..##..................
.........#......##.=....
...†...........## #


You could see a jelly.

Vanquished Creatures
  A scorpion (D:4)
  A bombardier beetle (D:3)
  5 gnolls
  5 adders
  A dart slug (D:4)
  2 ribbon worms (D:2)
  2 orcs (D:3)
  7 ball pythons
  2 bats
  3 endoplasms
  5 giant cockroaches
  8 goblins
  6 hobgoblins
  6 jackals
  4 quokkas
  2 kobolds
  3 rats
63 creatures vanquished.

Notes
Turn   | Place    | Note
-------+----------+-------------------------------------------
     0 | D:1      | Malachi the Octopode Shapeshifter began the quest for the
                  | Orb.
     0 | D:1      | Reached XP level 1. HP: 13/13 MP: 1/1
    87 | D:1      | Reached XP level 2. HP: 18/18 MP: 2/2
   203 | D:1      | Found a faded altar of an unknown god.
   231 | D:1      | Reached XP level 3. HP: 10/23 MP: 3/3
   243 | D:1      | Prayed at the altar of an unknown god.
   243 | D:1      | Became a worshipper of Trog the Wrathful
   243 | D:1      | Reached * piety under Trog
   452 | D:1      | Found Guzist's Distillery.
  1384 | D:2      | Reached XP level 4. HP: 29/29 MP: 4/4
  1631 | D:3      | Reached XP level 5. HP: 32/34 MP: 5/5
  1651 | D:3      | Found an opulent altar of Gozag.
  1829 | D:3      | Reached ** piety under Trog
  2373 | D:4      | Reached XP level 6. HP: 41/41 MP: 6/6
  2483 | D:4      | Slain by a jelly

Illustrated notes

Levels and vault maps discovered:
D:1:      dpeg_arrival_round_b, layout_loops_ring,
          dreamdust_ecumenical_altar_statues, serial_shops,
          nicolae_shop_industrial_runoff, serial_bayou_lake_a
D:2:      layout_loops_ring, grunt_ministairs_13
D:3:      layout_loops_cross, nicolae_gozag_seed_capital
D:4:      layout_rooms

Skill      XL: |  1  2  3  4  5  6 |
---------------+-------------------+-----
Fighting       | 2 3 |  3.0
Dodging        | 3 |  3.5
Unarmed Combat | 4 |  4.2
Shapeshifting  | 4 |  4.0

Action                     |  1- 3 |  4- 6 || total
---------------------------+-------+-------++-------
  Melee: Unarmed           |    56 |    65 ||   121
         Constrict         |    14 |    19 ||    33
         Tentacles         |    12 |    10 ||    22
         Punch             |     2 |     1 ||     3
 Invoke: Berserk           |       |     1 ||     1
    Use: Scroll            |       |     5 ||     5
   Stab: Sleeping          |    11 |     3 ||    14
         Distracted        |       |     2 ||     2
 Armour: Skin              |    15 |    33 ||    48
  Dodge: Dodged            |    27 |    49 ||    76

Table legend: (Time is in decaauts)
 A = Elapsed time spent in this place.
 B = Non-inter-level travel time spent in this place.
 C = Inter-level travel time spent in this place.
 D = Time resting spent in this place.
 E = Time spent auto-exploring this place.
 F = Levels seen in this place.
 G = Mean time per level.
                   A        B        C        D        E       F      G
               +--------+--------+--------+--------+--------+-----+--------+
         Total |   2479 |   2329 |    150 |    249 |   1702 |   4 |  619.8 |
       Dungeon |   2479 |   2329 |    150 |    249 |   1702 |   4 |  619.8 |
               +--------+--------+--------+--------+--------+-----+--------+

Top non-repeatable levels by time:
     D:3: 873 daAuts
     D:1: 849 daAuts
     D:2: 647 daAuts
     D:4: 109 daAuts
